 Dungeon Crawl Stone Soup version 0.20.2-3-g29329e0561 (webtiles) character file.

8425 Alfie the Carver (level 11, 0/95 HPs)
             Began as a Minotaur Fighter on Dec 3, 2020.
             Slain by a 12-headed hydra (12 damage)
             ... on level 10 of the Dungeon.
             The game lasted 00:24:55 (8217 turns).

Alfie the Carver (Minotaur Fighter)                 Turns: 8217, Time: 00:24:55

Health: 0/95       AC: 11    Str: 29    XL:     11   Next: 9%
Magic:  10/10      EV: 11    Int:  5    God:
Gold:   14         SH: 12    Dex: 10    Spells: 8/10 levels left

rFire    . . .     SeeInvis +   a - +1 long sword
rCold    . . .     Gourm    .   c - +0 shield
rNeg     . . .     Faith    .   b - +0 scale mail
rPois    +         Spirit   .   (helmet restricted)
rElec    .         Reflect  .   f - +0 cloak
rCorr    .         Harm     .   (no gloves)
MR       .....                  m - +0 pair of boots
Stlth    ..........             (no amulet)
Regen    0.3/turn               r - ring of see invisible
MPRegen  0.2/turn               y - ring of poison resistance

@: mighty
A: retaliatory headbutt, horns 2
a: no special abilities


You were on level 10 of the Dungeon.
You were not hungry.

You visited 1 branch of the dungeon, and saw 10 of its levels.

You collected 504 gold pieces.
You spent 490 gold pieces at shops.

Inventory:

Hand Weapons
 a - a +1 long sword (weapon)
Armour
 b - a +0 scale mail (worn)
 c - a +0 shield (worn)
 f - a +0 cloak (worn)
 m - a +0 pair of boots (worn)
Jewellery
 r - a ring of see invisible (left hand)
 s - an uncursed ring of protection from fire
 x - an uncursed ring of resist corrosion
 y - a ring of poison resistance (right hand)
Wands
 l - a wand of lightning (10/15)
Scrolls
 e - 2 scrolls of teleportation
 j - 2 scrolls of identify
 k - 4 scrolls of remove curse
 w - a scroll of fear
 z - a scroll of enchant weapon
 B - a scroll of magic mapping
Potions
 i - 3 potions of flight
 n - a potion of degeneration {unknown}
 o - a potion of ambrosia {unknown}
 p - 3 potions of curing
 t - 2 potions of agility {unknown}
 u - a potion of brilliance
 v - a potion of haste {unknown}
Books
 A - a book of Cantrips

   Spells                             Type                      Level
   a - Confusing Touch                Hexes                        1
   b - Animate Skeleton               Necromancy                   1
   c - Summon Small Mammal            Summoning                    1
   d - Apportation                    Translocation                1
 D - a book of Transfigurations

   Spells                             Type                      Level
   a - Irradiate                      Conjuration/Transmutation    5
   b - Statue Form                    Transmutation/Earth          6
   c - Hydra Form                     Transmutation                6
   d - Dragon Form                    Transmutation                7
Miscellaneous
 C - a crystal ball of energy
Comestibles
 g - 5 bread rations
 h - 3 royal jellies
 q - 2 meat rations


   Skills:
 + Level 8.8 Fighting
 + Level 12.2 Long Blades
 + Level 9.8 Armour
 + Level 5.0 Dodging
 + Level 1.5 Stealth
 + Level 10.1 Shields
 + Level 0.4 Spellcasting
 + Level 0.1 Summonings
 + Level 0.3 Evocations


You had 8 spell levels left.
You knew the following spells:

 Your Spells              Type           Power        Failure   Level  Hunger
a - Magic Dart            Conj           #...         88%         1    ##.....
b - Summon Small Mammal   Summ           #...         87%         1    ##.....


Dungeon Overview and Level Annotations

Branches:
Dungeon (10/15)            Temple (0/1) D:5            Lair (0/6) D:8
    Orc: D:9-12

Altars:
Ashenzari
Cheibriados
Dithmenos
Gozag
Kikubaaqudgha
Qazlal
Trog
Uskayaw
Zin

Shops:
D:4 =   D:5 (


Innate Abilities, Weirdness & Mutations

You reflexively headbutt those who attack you in melee.
You have a pair of horns on your head.


Message History

The 11-headed hydra bites you. You block the 11-headed hydra's attack.
The 11-headed hydra bites you but does no damage.
You block the 11-headed hydra's attack.
The 11-headed hydra bites you but does no damage.
The 11-headed hydra bites you. You block the 11-headed hydra's attack.
You hack one of the 11-headed hydra's heads off!
The ten-headed hydra grows two more!
You slash the 12-headed hydra! You headbutt the 12-headed hydra.
The 12-headed hydra is moderately wounded.
The 12-headed hydra bites you. The 12-headed hydra bites you!
You block the 12-headed hydra's attack. The 12-headed hydra bites you!
* * * LOW HITPOINT WARNING * * *
The 12-headed hydra barely misses you. The 12-headed hydra bites you.
* * * LOW HITPOINT WARNING * * *
You block the 12-headed hydra's attack.
The 12-headed hydra bites you but does no damage.
The 12-headed hydra bites you!
* * * LOW HITPOINT WARNING * * *
The 12-headed hydra barely misses you. The 12-headed hydra bites you!
You die...

.........##
..........#
..........##
...........##
............##
.............#
............)###
......)...[#...#######
....(...)..#...D@.#..#
..รท.......##....<...#
......)...##..##...##
.........###..##..##
........###......##
.......##........####
#######.....##..#...#
#....####.......##
##...####..........#


You could see a 12-headed hydra.

Vanquished Creatures
  The ghost of Alfie the Carver, a novice MiFi (D:10)
  2 two-headed ogres
  A troll (D:9)
  Prince Ribbit (D:8)
  A hippogriff (D:9)
  5 yaks (D:10)
  5 wyverns
  A basilisk (D:8)
  A hungry ghost (D:7)
  4 vampire mosquitoes (D:10)
  2 orc warriors
  A black bear (D:8)
  2 ice beasts
  A swamp drake (D:8)
  2 phantoms
  4 ogres
  6 centaurs
  2 crocodiles (D:8)
  7 bullfrogs
  2 scorpions
  5 howler monkeys
  5 crimson imps
  2 jellies
  4 hounds
  4 orc priests
  3 orc wizards
  2 bullfrog skeletons
  2 iguanas
  Natasha (thrice) (D:3)
  11 worker ants
  2 hound zombies (D:8)
  A hound skeleton (D:7)
  A howler monkey zombie (D:10)
  A worker ant zombie (D:10)
  Robin (D:4)
  11 adders
  An adder zombie (D:9)
  2 worms
  7 dart slugs
  5 leopard geckos
  26 orcs
  3 bat zombies (D:5)
  6 giant cockroaches
  12 goblins
  14 hobgoblins
  12 jackals
  6 quokkas
  A ball python (D:1)
  6 bats
  A frilled lizard (D:1)
  8 kobolds
  4 rats
  A rat zombie (D:5)
224 creatures vanquished.

Notes
Turn   | Place    | Note
-------+----------+-------------------------------------------
     0 | D:1      | Alfie the Minotaur Fighter began the quest for the Orb.
     0 | D:1      | Reached XP level 1. HP: 19/19 MP: 0/0
   204 | D:1      | Reached XP level 2. HP: 19/27 MP: 1/1
   991 | D:2      | Reached XP level 3. HP: 29/33 MP: 2/2
  1016 | D:2      | Reached skill level 3 in Long Blades
  1112 | D:2      | Found a glowing silver altar of Zin.
  1447 | D:2      | Reached XP level 4. HP: 41/41 MP: 3/3
  1756 | D:3      | Found a bloodstained altar of Trog.
  1865 | D:3      | Reached skill level 4 in Long Blades
  2030 | D:3      | Reached XP level 5. HP: 19/47 MP: 4/4
  2064 | D:3      | Noticed Natasha
  2069 | D:3      | Killed Natasha
  2104 | D:3      | Noticed Natasha
  2108 | D:3      | Killed Natasha
  2216 | D:3      | Reached skill level 5 in Long Blades
  2221 | D:3      | Noticed Natasha
  2228 | D:3      | Killed Natasha
  2228 | D:3      | Reached XP level 6. HP: 32/55 MP: 5/5
  2476 | D:4      | Reached skill level 5 in Armour
  2650 | D:4      | Found Meimn's Jewellery Emporium.
  2655 | D:4      | Noticed Robin
  2714 | D:4      | Reached skill level 5 in Fighting
  2725 | D:4      | Killed Robin
  2960 | D:5      | Entered Level 5 of the Dungeon
  2994 | D:5      | Reached skill level 1 in Dodging
  2994 | D:5      | Reached skill level 5 in Shields
  2997 | D:5      | Reached skill level 6 in Long Blades
  2997 | D:5      | Reached XP level 7. HP: 48/61 MP: 6/6
  3007 | D:5      | Found a shattered altar of Ashenzari.
  3123 | D:5      | Found a staircase to the Ecumenical Temple.
  3158 | D:5      | Found Govujit's Antique Weapon Shoppe.
  3295 | D:5      | Found a hide-covered altar of Uskayaw.
  3322 | D:5      | Reached skill level 7 in Long Blades
  3501 | D:5      | Found an ancient bone altar of Kikubaaqudgha.
  3546 | D:5      | Reached XP level 8. HP: 56/69 MP: 7/7
  4172 | D:6      | Learned a level 1 spell: Magic Dart
  4236 | D:6      | Reached skill level 8 in Long Blades
  4599 | D:4      | Bought an uncursed ring of see invisible for 210 gold pieces
  5126 | D:7      | Reached skill level 9 in Long Blades
  5404 | D:8      | Reached XP level 9. HP: 24/77 MP: 8/8
  5702 | D:8      | Found a stormy altar of Qazlal.
  5768 | D:8      | Learned a level 1 spell: Summon Small Mammal
  5787 | D:8      | Noticed Prince Ribbit
  5854 | D:8      | Reached skill level 10 in Long Blades
  5889 | D:8      | Found an opulent altar of Gozag.
  5889 | D:8      | Found a snail-covered altar of Cheibriados.
  6151 | D:9      | Noticed a troll
  6165 | D:9      | Killed a troll
  6318 | D:9      | Noticed a two-headed ogre
  6327 | D:9      | Killed a two-headed ogre
  6327 | D:9      | Reached skill level 1 in Stealth
  6470 | D:9      | Reached XP level 10. HP: 50/86 MP: 9/9
  6896 | D:8      | Killed Prince Ribbit
  6896 | D:8      | Reached skill level 11 in Long Blades
  7178 | D:8      | Found a staircase to the Lair.
  7399 | D:10     | Entered Level 10 of the Dungeon
  7420 | D:10     | Noticed a two-headed ogre
  7474 | D:10     | Found a shadowy altar of Dithmenos.
  7578 | D:10     | Noticed Alfie's ghost (novice MiFi)
  7595 | D:10     | Killed Alfie's ghost
  7631 | D:10     | Reached skill level 12 in Long Blades
  7796 | D:10     | Killed a two-headed ogre
  7796 | D:10     | Reached skill level 5 in Dodging
  7796 | D:10     | Reached skill level 10 in Shields
  7796 | D:10     | Reached XP level 11. HP: 25/95 MP: 10/10
  7822 | D:10     | Noticed an eight-headed hydra
  7945 | D:4      | Bought an uncursed ring of poison resistance for 280 gold pieces
  8217 | D:10     | Slain by a 12-headed hydra

Skill      XL: |  1  2  3  4  5  6  7  8  9 10 |
---------------+-------------------------------+-----
Fighting       | 4 5 6 7 8 |  8.8
Armour         | 4 5 7 8 9 |  9.8
Long Blades    | 3 4 5 6 7 9 10 12 | 12.2
Shields        | 4 5 6 7 8 10 | 10.1
Dodging        | 1 2 3 5 |  5.0
Stealth        | 1 |  1.5
Spellcasting   | |  0.4
Summonings     | |  0.1
Evocations     | |  0.3

Action                   |  1- 3 |  4- 6 |  7- 9 | 10-12 || total
-------------------------+-------+-------+-------+-------++-------
Melee: Long sword        |    96 |   157 |   268 |   197 ||   718
       Headbutt          |     8 |    31 |    72 |    45 ||   156
Evoke: Wand              |       |       |     1 |       ||     1
  Use: Scroll            |       |     5 |    10 |     2 ||    17
       Potion            |       |     1 |     1 |     4 ||     6
  Eat: Royal jelly       |     1 |     1 |     1 |     1 ||     4
       Bread ration      |       |     1 |     2 |     1 ||     4
       Fruit             |       |       |     4 |     2 ||     6
Armor: Scale mail        |    45 |    67 |    75 |    48 ||   235
Dodge: Dodged            |    38 |    54 |    80 |    57 ||   229
Block: Shield            |    49 |    80 |   137 |   118 ||   384
       Rpst.: Long sword |    10 |    17 |    23 |    20 ||    70
